Map: Thunderbird LE

Players

TLO - Winner!

  • Race: Zerg Zerg
  • Spawn Location: 11:00

Neeb

  • Race: Protoss Protoss
  • Spawn Location: 5:00

Event: 2019 WCS Summer

VOD

Have the link to the VOD?

Description

Time

  • Played on: July 12, 2019, 1:16 p.m.
  • Length: 10:32

All games in this series

Show
View Real Time Build Order
Export as new Build Order

TLO Zerg - Winner!

Build Orders: Hatch First 

Get SALT Encoding   

  12  0:00  Drone  
  13  0:12  Overlord  
  13  0:17  Drone  
  14  0:30  Drone  
  14  0:31  Drone  
  16  0:47  Hatchery  
  15  0:51  Drone  
  15  0:55  Drone  
  17  0:57  Drone  
  18  1:07  Extractor  
  17  1:15  Spawning Pool  
  16  1:18  Drone  
  16  1:22  Drone  
  18  1:28  Drone  
  19  1:39  Drone  
  20  1:49  Overlord  
  20  2:02  Queen x2  
  20  2:03  Zergling x2  
  20  2:04  Zergling x2  
  26  2:10  Metabolic Boost  
  26  2:14  Drone  
  27  2:20  Drone x2  
  29  2:25  Drone  
  30  2:31  Drone  
  31  2:43  Hatchery  
  30  2:46  Zergling x4  
  32  2:54  Overlord  
  32  2:55  Drone  
  32  2:56  Drone  
  34  3:05  Overlord  
  33  3:07  Drone  
  33  3:12  Drone  
  35  3:13  Drone x2  
  35  3:14  Drone  
  35  3:17  Queen  
  39  3:20  Drone  
  39  3:22  Drone  
  39  3:24  Drone  
  43  3:27  Drone  
  43  3:28  Drone  
  43  3:32  Spore Crawler  
  43  3:34  Overlord  
  43  3:39  Drone  
  44  3:46  Evolution Chamber  
  44  3:47  Overlord  
  44  3:48  Drone  
  44  3:50  Queen  
  44  3:52  Zergling x2  
  47  3:58  Spore Crawler  
  47  3:59  Zergling x6  
  47  4:01  Zergling x2  
  50  4:04  Drone  
  50  4:07  Drone  
  50  4:08  Queen  
  54  4:12  Spore Crawler  
  54  4:13  Drone  
  54  4:15  Drone  
  55  4:19  Drone, Zerg Melee Weapons Level 1  
  52  4:26  Drone  
  52  4:27  Drone  
  52  4:29  Drone  
  54  4:31  Drone  
  54  4:33  Drone  
  54  4:34  Drone  
  54  4:35  Drone  
  54  4:37  Drone x2  
  58  4:41  Drone  
  58  4:43  Drone  
  59  4:46  Lair  
  59  4:51  Overlord  
  59  4:54  Zergling x2  
  59  4:55  Zergling x6  
  59  4:56  Zergling x2  
  59  4:58  Extractor  
  63  5:00  Baneling Nest  
  63  5:02  Drone  
  63  5:04  Drone x2  
  65  5:10  Zergling x2  
  65  5:14  Drone x3  
  65  5:15  Zergling x4  
  65  5:18  Drone  
  65  5:19  Drone x2  
  73  5:24  Extractor  
  73  5:25  Extractor, Overlord  
  73  5:27  Overlord x2  
  71  5:35  Zergling x2  
  72  5:37  Drone  
  72  5:42  Drone  
  72  5:45  Drone x3  
  72  5:49  Drone x2  
  77  5:52  Drone x2  
  77  5:53  Hydralisk Den  
  77  5:54  Drone  
  79  6:00  Extractor  
  79  6:01  Centrifical Hooks, Drone  
  79  6:02  Extractor  
  76  6:04  Drone  
  76  6:05  Hatchery  
  76  6:08  Drone x3  
  76  6:09  Drone  
  80  6:14  Drone x2  
  80  6:15  Drone x3  
  85  6:20  Baneling x5  
  85  6:21  Zergling x2  
  85  6:22  Zergling x2  
  85  6:25  Muscular Augments  
  87  6:26  Drone  
  87  6:27  Drone x2  
  87  6:32  Zergling x4  
  92  6:34  Overlord  
  92  6:36  Drone x2  
  92  6:39  Zergling x2  
  95  6:40  Overlord, Zerg Melee Weapons Level 2  
  91  6:47  Zergling x2  
  91  6:48  Zergling x2  
  91  6:49  Zergling x2  
  91  6:50  Zergling x4  
  91  6:54  Drone  
  91  6:55  Drone x2  
  91  7:00  Hydralisk x2  
  98  7:03  Hydralisk  
  98  7:07  Overlord  
  100  7:09  Hydralisk x2  
  100  7:10  Hydralisk  
  100  7:11  Baneling x7  
  100  7:14  Overlord  
  106  7:21  Hydralisk  
  106  7:22  Overlord, Spore Crawler  
  107  7:26  Hydralisk  
  107  7:27  Hydralisk  
  111  7:30  Hydralisk  
  111  7:32  Hydralisk  
  111  7:34  Zergling x2  
  111  7:36  Grooved Spines  
  116  7:40  Hydralisk x2  
  116  7:43  Zergling x4  
  116  7:44  Zergling x4  
  123  7:50  Hydralisk x2  
  128  7:51  Hydralisk  
  128  7:53  Zergling x4  
  128  7:54  Spore Crawler  
  128  7:57  Hydralisk  
  133  7:59  Baneling x9  
  133  8:02  Zergling x2  
  133  8:04  Hydralisk x2  
  138  8:08  Overlord  
  138  8:09  Overlord  
  138  8:11  Baneling x3  
  138  8:13  Baneling  
  136  8:31  Hydralisk  
  136  8:32  Hydralisk x2  
  136  8:33  Zergling x24  
  136  8:34  Overlord  
  154  8:35  Zergling x4  
  154  8:36  Zergling x4  
  154  8:39  Hydralisk  
  158  8:43  Zergling x2  
  158  8:44  Zergling x2, Overlord  
  154  8:49  Zergling x2  
  154  8:51  Zergling x18  
  159  8:56  Zergling x2  
  159  8:58  Zergling x2  
  159  9:02  Zergling x2  
  159  9:07  Hydralisk x2  
  159  9:09  Zergling x6  
  147  9:11  Hydralisk  
  147  9:16  Zergling x2  
  142  9:18  Hydralisk  
  142  9:20  Zergling x4, Hydralisk x2  
  142  9:23  Baneling x15  
  150  9:24  Baneling  
  150  9:27  Zergling x2  
  150  9:29  Zergling x4  
  153  9:32  Extractor  
  153  9:36  Baneling x7  
  152  9:40  Hatchery  
  146  9:49  Zergling x2  
  146  9:50  Zergling x4  
  146  9:51  Zergling x2  
  146  9:52  Zergling x2  
  137  9:54  Zergling x4  
  137  9:55  Zergling x4, Hydralisk  
  137  9:56  Hydralisk  
  137  9:57  Zergling x2  
  143  10:00  Zergling x4  
  143  10:02  Hydralisk x3  
  143  10:04  Zergling x2  
  143  10:05  Zergling x2  
  143  10:06  Infestation Pit  
  143  10:07  Hydralisk x2  
  149  10:08  Zergling x2  
  149  10:10  Zergling x4  
  149  10:11  Zergling x2  
  149  10:12  Zergling x2  
  149  10:13  Zergling x2  
  157  10:15  Zergling x2  
Show
View Real Time Build Order
Export as new Build Order

Neeb Protoss 

Build Orders: 1 Gate Expand, Oracle Opening, Phoenix Opening, Archon Immortal 

Get SALT Encoding   

  12  0:00  Probe  
  13  0:12  Probe  
  14  0:17  Pylon  
  14  0:24  Probe  
  15  0:32  Probe  
  15  0:39  Gateway  
  15  0:40  Probe  
  16  0:47  Assimilator  
  17  0:51  Probe  
  18  1:03  Probe  
  19  1:15  Probe  
  20  1:22  Nexus  
  20  1:32  Cybernetics Core  
  20  1:35  Probe  
  21  1:43  Assimilator  
  21  1:47  Probe  
  21  1:50  Pylon  
  22  1:56  Probe  
  22  1:58  Adept  
  23  2:05  Probe  
  23  2:13  Probe  
  26  2:20  Stargate  
  26  2:21  Adept  
  27  2:25  Probe  
  30  2:35  Probe  
  30  2:36  Warp Gate  
  31  2:38  Probe  
  32  2:47  Probe  
  32  2:50  Probe  
  34  2:51  Pylon  
  34  2:59  Probe  
  34  3:02  Probe, Phoenix  
  38  3:11  Probe  
  39  3:14  Probe, Gateway  
  39  3:15  Oracle  
  39  3:19  Gateway  
  38  3:23  Probe  
  39  3:27  Probe  
  39  3:30  Adept  
  45  3:35  Probe  
  45  3:39  Probe, Pylon  
  47  3:47  Probe  
  48  3:49  Oracle  
  48  3:52  Probe  
  52  3:59  Probe  
  52  4:00  Assimilator  
  52  4:02  Assimilator  
  53  4:04  Probe  
  53  4:05  Pylon  
  54  4:12  Probe  
  54  4:13  Pylon  
  54  4:16  Probe, Oracle  
  56  4:18  Nexus  
  56  4:28  Probe  
  60  4:35  Probe  
  60  4:38  Adept x3  
  61  4:40  Probe  
  66  4:47  Probe  
  66  4:50  Robotics Facility  
  68  4:52  Probe  
  68  4:53  Forge  
  68  4:59  Adept x3  
  74  5:03  Probe  
  74  5:05  Probe  
  76  5:15  Probe  
  76  5:17  Probe  
  76  5:21  Twilight Council  
  78  5:29  Assimilator  
  78  5:30  Probe x2  
  78  5:31  Probe  
  78  5:33  Assimilator, Pylon  
  78  5:35  Immortal  
  81  5:42  Probe x2, Protoss Ground Weapons Level 1  
  83  5:44  Probe  
  83  5:53  Zealot x3  
  83  5:54  Probe x2  
  83  5:56  Probe  
  92  5:58  Charge  
  92  6:02  Templar Archives  
  92  6:04  Immortal  
  92  6:06  Probe x2  
  92  6:08  Probe  
  92  6:09  Pylon  
  95  6:16  Pylon  
  99  6:18  Probe  
  99  6:20  Probe  
  101  6:27  Probe, Psionic Storm  
  101  6:28  Gateway  
  101  6:31  Gateway  
  102  6:36  Immortal  
  102  6:39  High Templar x3, Pylon  
  106  6:51  Probe  
  106  6:52  Probe x2  
  111  7:04  Immortal  
  111  7:08  Gateway  
  111  7:10  Gateway  
  111  7:11  Gateway  
  115  7:15  High Templar  
  115  7:16  High Templar  
  115  7:20  High Templar  
  121  7:27  Nexus  
  121  7:28  Gateway  
  121  7:29  Gateway, Pylon  
  121  7:31  Pylon  
  121  7:33  Pylon  
  121  7:40  Photon Cannon, Probe x2  
  123  7:44  Observer  
  123  7:45  Photon Cannon  
  123  7:46  Protoss Ground Weapons Level 2  
  123  7:49  Pylon x2  
  124  7:52  High Templar  
  124  7:53  Zealot x3, High Templar  
  124  7:56  Immortal  
  124  7:57  Archon  
  134  7:58  Probe  
  134  7:59  Probe  
  134  8:00  Probe  
  141  8:11  Probe  
  142  8:20  Zealot x4  
  142  8:21  Zealot x2  
  146  8:28  Immortal  
  150  8:42  Assimilator  
  150  8:47  Assimilator  
  148  8:52  High Templar x3  
  148  8:53  Zealot x4, High Templar  
  148  8:55  Immortal  
  150  8:56  Archon  
  150  8:57  Archon  
  146  9:06  Archon  
  106  9:17  Zealot x5  
  106  9:18  Zealot  
  106  9:21  Shield Battery  
  106  9:22  Shield Battery  
  114  9:25  Zealot x2, High Templar x2  
  114  9:26  Probe x4, Immortal  
  114  9:30  Archon  
  130  9:38  Probe x2  
  130  9:39  Zealot x4, High Templar x2  
  130  9:43  Archon  
  132  9:48  Zealot x2  
  104  9:59  High Templar x2  
  91  10:00  Zealot x4  
  91  10:04  Archon  
  88  10:12  Zealot x4  
  77  10:21  Zealot x4  
Tags
 
Add a new tag
Caveats
  • Supply blocks, unpowered buildings, or Contaminate may cause inaccurate times.
  • Supply counts are checked every 10 seconds.